 Dungeon Crawl Stone Soup version 0.28-a0-1412-gf95308ed99 (webtiles) character file.

Game seed: 13343207630970085802

324 Hasart the Caller (level 6, -6/32 HPs)
             Began as a Kobold Summoner on Jan 6, 2022.
             Killed by divine providence
             ... invoked by an orc priest
              (16 damage)
             ... on level 4 of the Dungeon.
             The game lasted 00:10:08 (4249 turns).

Hasart the Caller (Kobold Summoner)                 Turns: 4249, Time: 00:10:09

Health: -6/32      AC:  3    Str:  5    XL:     6   Next: 78%
Magic:  4/11       EV: 15    Int: 19    God:
Gold:   82         SH:  0    Dex: 15    Spells: 6/12 levels left

rFire   . . .      SeeInvis .   g - staff of air
rCold   . . .      Faith    .   (shield currently unavailable)
rNeg    . . .      Spirit   .   a - +0 robe
rPois   .          Reflect  .   (no helmet)
rElec   +          Harm     .   (no cloak)
rCorr   .          Rampage  .   m - +0 pair of gloves
Will    .....                   (no boots)
Stlth   +++.......              (no amulet)
HPRegen 0.10/turn               (no ring)
MPRegen 0.12/turn               (no ring)

@: no status effects
A: small, no large weapons, nightstalker 3
a: no special abilities


You were on level 4 of the Dungeon.
You visited 1 branch of the dungeon, and saw 4 of its levels.

You collected 82 gold pieces.

Inventory:

Hand Weapons
 b - a +0 dagger of speed
 d - a +2 vorpal mace
Armour
 a - a +0 robe (worn)
 m - a +0 pair of gloves (worn)
 p - the +0 ring mail "Aludukh" {+Inv Will+ Dex+4}
   (You found it on level 4 of the Dungeon)

   Dex:       It affects your dexterity (+4).
   +Inv:      It lets you turn invisible.
   Will:      It increases your willpower.
Magical Staves
 g - a staff of air (weapon)
Wands
 o - a wand of flame (9)
Scrolls
 c - a scroll of brand weapon {unknown}
 f - a scroll of enchant armour {unknown}
 h - a scroll of teleportation {unknown}
 i - 2 scrolls of identify {unknown}
 k - a scroll of noise {unknown}
 l - a scroll of vulnerability {unknown}
Potions
 e - 3 potions of curing {unknown}
 j - a potion of mutation {unknown}
 n - a potion of flight {unknown}


   Skills:
 - Level 2.4 Dodging
 - Level 2.6 Stealth
 + Level 3.8 Spellcasting
 * Level 6.2 Summonings
 + Level 0.0 Air Magic
 + Level 3.0 Evocations


You had 6 spell levels left.
You knew the following spells:

 Your Spells              Type           Power      Damage    Failure   Level
a - Call Imp              Summ           27%        N/A       1%          2
b - Summon Small Mammal   Summ           100%       N/A       1%          1
c - Call Canine Familiar  Summ           27%        N/A       3%          3

Your spell library contained the following spells:

 Spells                   Type           Power      Damage    Failure   Level
 Summon Guardian Golem    Hex/Summ       15%        N/A       12%         3
 Summon Lightning Spire   Summ/Air       23%        N/A       36%         4
 Dazzling Flash           Conj/Hex       6%         N/A       38%         3
 Iskenderun's Mystic Bla  Conj/Tloc      3%         2d3       80%         4
 Starburst                Conj/Fire      1%         6d3       100%        6


Dungeon Overview and Level Annotations

Branches:
Dungeon (4/15)
 Temple: D:4-7

Altars:


Innate Abilities, Weirdness & Mutations

You are small and have problems with some larger weapons.
You are completely attuned to the shadows.


Message History

The orc priest calls down the wrath of Beogh upon you.
Beogh smites you!
An orc comes into view. It is wielding a +0 dagger.
The orc priest looks satisfied for a moment.
You hear a shout!
You hit the orc priest but do no damage.
The orc priest closely misses you.
The howler monkey hoots and howls with incredible vigour!
Your hound completely misses the orc priest.
You hear a shout!
You hear an angry hiss.
Unknown command.
You hit the orc priest but do no damage.
Your hound closely misses the orc priest.
The howler monkey closely misses your hound.
An orc comes into view. It is wielding a +0 dagger.
The orc priest misses you. The orc priest closely misses you.
Your hound bites the orc priest but does no damage.
Your crimson imp barely misses the orc.
The howler monkey hits your hound but does no damage.
The orc priest hits you with a +0 dagger.
You closely miss the orc priest.
Your hound bites the howler monkey.
An orc wizard comes into view. It is wielding a +0 dagger.
The orc priest hits you but does no damage.
The orc hits your hound with a +1 short sword of draining.
The orc drains your hound.
Your crimson imp closely misses the orc priest.
The howler monkey hoots and howls with incredible vigour!
Your hound bites the orc.
The orc priest hits you with a +0 dagger.
The orc closely misses you.
You hit the orc priest but do no damage.
The orc priest is electrocuted.
The orc priest is lightly wounded.
Your hound barely misses the orc.
The howler monkey hits your hound. The orc closely misses your hound.
Your crimson imp blinks!
The orc priest invokes the aid of Beogh against you.
Beogh smites you!
Ouch! That really hurt!
You die...

.... ...o ..o.
...o######
..§ooooo..
>..hh@###
.......#######
.5.......#...#
......)......##
.....##.......
....###.......
..# #........
######......
#........^..
...


You could see a howler monkey (catching breath), 2 orc priests, an orc wizard, 4
orcs, a friendly hound (summoned, drained) and a friendly crimson imp
(summoned).

Vanquished Creatures
  A bullfrog skeleton (D:4)
  2 dart slugs
  An orc (D:3)
  4 endoplasms
  A giant cockroach (D:2)
  4 goblins
  A hobgoblin (D:1)
  3 quokkas
  5 ball pythons
  5 bats
  6 frilled lizards
  6 kobolds
  3 rats (D:2)
42 creatures vanquished.

Vanquished Creatures (collateral kills)
  A scorpion (D:3)
  An orc priest (D:4)
  2 iguanas
  An orc wizard (D:4)
  A hound skeleton (D:4)
  A river rat (D:3)
  3 adders
  An ufetubus (D:4)
  3 orcs (D:4)
  A ball python (D:1)
  4 endoplasms
  2 giant cockroaches (D:2)
  3 hobgoblins
  6 jackals
  A bat (D:3)
  A frilled lizard (D:3)
  2 goblins (D:4)
  A kobold (D:4)
  A rat (D:3)
36 creatures vanquished.

Grand Total: 78 creatures vanquished

Notes
Turn   | Place    | Note
-------+----------+-------------------------------------------
     0 | D:1      | Hasart the Kobold Summoner began the quest for the Orb.
     0 | D:1      | Reached XP level 1. HP: 10/10 MP: 3/3
   526 | D:1      | Reached XP level 2. HP: 13/15 MP: 3/5
   529 | D:1      | Learned a level 2 spell: Call Imp
  1027 | D:1      | Reached XP level 3. HP: 19/19 MP: 6/6
  1263 | D:2      | Learned a level 3 spell: Call Canine Familiar
  1964 | D:2      | Reached XP level 4. HP: 16/24 MP: 4/8
  2308 | D:2      | Reached skill level 5 in Summonings
  2449 | D:2      | Reached skill level 1 in Evocations
  2954 | D:3      | Reached XP level 5. HP: 4/28 MP: 4/9
  3255 | D:3      | Noticed a necrophage
  3536 | D:4      | Reached XP level 6. HP: 29/31 MP: 6/11
  3613 | D:4      | Reached skill level 6 in Summonings
  3874 | D:4      | Identified the +0 ring mail "Aludukh" {+Inv Will+ Dex+4}
  4249 | D:4      | Killed from afar by an orc priest

Illustrated notes

Levels and vault maps discovered:
D:1:      dpeg_arrival_connections, layout_rooms
D:2:      minmay_alternating_diamond, layout_loops_cross,
          minmay_worlds_worst_comb
D:3:      layout_loops_cross, general_overflow_altar, portal_sewer_entry_b
D:4:      layout_rooms, mainiacjoe_overflow_tiny_flanked, minmay_cut_off

Skill      XL: |  1  2  3  4  5  6 |
---------------+-------------------+-----
Summonings     | 5 6 |  6.2
Evocations     | 1 2 3 |  3.0
Spellcasting   | 3 |  3.8
Dodging        | |  2.4
Stealth        | |  2.6

Action                   |  1- 3 |  4- 6 || total
-------------------------+-------+-------++-------
Melee: Unarmed           |    11 |       ||    11
       Whip              |     9 |       ||     9
       Dagger            |    73 |       ||    73
       Staff             |    43 |   103 ||   146
       Punch             |     1 |       ||     1
 Cast: Summon Small Mamm |     1 |       ||     1
       Call Imp          |     7 |     9 ||    16
       Call Canine Famil |       |    10 ||    10
  Use: Potion            |     1 |       ||     1
 Stab: Sleeping          |    13 |    10 ||    23
Armor: Robe              |    27 |    20 ||    47
Dodge: Dodged            |   110 |   113 ||   223

Table legend: (Time is in decaauts)
 A = Elapsed time spent in this place.
 B = Non-inter-level travel time spent in this place.
 C = Inter-level travel time spent in this place.
 D = Time resting spent in this place.
 E = Time spent auto-exploring this place.
 F = Levels seen in this place.
 G = Mean time per level.
                   A        B        C        D        E       F      G
               +--------+--------+--------+--------+--------+-----+--------+
         Total |   4260 |   4227 |     33 |     41 |   3292 |   4 | 1065.0 |
       Dungeon |   4260 |   4227 |     33 |     41 |   3292 |   4 | 1065.0 |
               +--------+--------+--------+--------+--------+-----+--------+

Top non-repeatable levels by time:
     D:2: 1582 daAuts
     D:1: 1244 daAuts
     D:4: 819 daAuts
     D:3: 614 daAuts
